 Dungeon Crawl Stone Soup version 0.29-a0-841-g116ddc6ace (webtiles) character file.

Game seed: 15936938112647234829

58 frimble the Magician (level 3, -4/24 HPs)
             Began as a Demonspawn Hedge Wizard on July 15, 2022.
             Slain by Natasha (8 damage)
             ... on level 2 of the Dungeon.
             The game lasted 00:01:51 (2798 turns).

frimble the Magician (Demonspawn Hedge Wizard)      Turns: 2798, Time: 00:01:52

Health: -4/24      AC:  2    Str: 10    XL:     3   Next: 76%
Magic:  3/7        EV: 12    Int: 17    God:
Gold:   29         SH:  0    Dex: 12    Spells: 7/8 levels left

rFire   . . .      SeeInvis .   a - +0 dagger
rCold   . . .      Faith    .   (no shield)
rNeg    . . .      Spirit   .   b - +0 robe
rPois   .          Reflect  .   c - +0 hat
rElec   .          Harm     .   (no cloak)
rCorr   .          Rampage  .   (no gloves)
Will    .....                   (no boots)
Stlth   ++........              e - amulet of magic regeneration
HPRegen 0.08/turn               (no ring)
MPRegen 0.50/turn               (no ring)

@: very slightly contaminated
A: ignite blood 1
a: no special abilities


You were on level 2 of the Dungeon.
You visited 1 branch of the dungeon, and saw 2 of its levels.

You collected 29 gold pieces.

Inventory:

Hand Weapons
 a - a +0 dagger (weapon)
Armour
 b - a +0 robe (worn)
 c - a +0 hat (worn)
Jewellery
 e - an amulet of magic regeneration (around neck)
Scrolls
 f - a scroll of magic mapping {unknown}
 g - 2 scrolls of identify {unknown}
 h - a scroll of poison {unknown}
 j - 2 scrolls of teleportation {unknown}
 k - a scroll of torment {unknown}
 l - a scroll of enchant armour {unknown}
Potions
 d - a potion of magic
 i - 2 potions of cancellation {unknown}


   Skills:
 + Level 1.6 Short Blades
 - Level 1.8 Dodging
 - Level 1.9 Stealth
 - Level 3.0 Spellcasting
 + Level 2.4 Conjurations
 - Level 1.2 Summonings
 - Level 1.1 Translocations


You had 7 spell levels left.
You knew the following spells:

 Your Spells              Type           Power      Damage    Failure   Level
a - Magic Dart            Conj           40%        1d5       6%          1

Your spell library contained the following spells:

 Spells                   Type           Power      Damage    Failure   Level
 Call Imp                 Summ           6%         N/A       16%         2
 Slow                     Hex            8%         N/A       17%         1
 Blink                    Tloc           12%        N/A       17%         2
 Conjure Flame            Conj/Fire      6%         6-21      32%         3
 Mephitic Cloud           Conj/Pois/Air  5%         N/A       36%         3


Dungeon Overview and Level Annotations

Branches:
Dungeon (2/15)

Altars:

Annotations:
D:2 Natasha


Innate Abilities, Weirdness & Mutations

Your demonic aura sometimes causes spilled blood to erupt in flames.


Message History

You are very lightly contaminated with residual magic.
Nothing appears to happen.
Aiming: Magic Dart (safe; 6% risk of failure)
Press: ? - help, Q - select action Shift-Dir - straight line, f/p - Natasha
Aim: Natasha (lightly wounded, 100% to hit)
The magic dart hits Natasha.
Natasha is heavily wounded.
Aiming: Magic Dart (safe; 6% risk of failure)
Press: ? - help, Q - select action Shift-Dir - straight line, f/p - Natasha
Aim: Natasha (heavily wounded, 100% to hit)
The magic dart hits Natasha.
Natasha is heavily wounded.
Natasha stares at you and mumbles some strange words.
The magic dart hits you!
Aiming: Magic Dart (safe; 6% risk of failure)
Press: ? - help, Q - select action Shift-Dir - straight line, f/p - Natasha
Aim: Natasha (heavily wounded, 100% to hit)
The magic dart hits Natasha.
Natasha is heavily wounded.
Natasha claws you!
Aiming: Magic Dart (safe; 6% risk of failure)
Press: ? - help, Q - select action Shift-Dir - straight line, f/p - Natasha
Aim: Natasha (heavily wounded, 100% to hit)
The magic dart hits Natasha.
Natasha is severely wounded.
Natasha stares at you and mumbles some strange words.
You resist with significant effort.
Aiming: Magic Dart (safe; 6% risk of failure)
Press: ? - help, Q - select action Shift-Dir - straight line, f/p - Natasha
Aim: Natasha (severely wounded, 100% to hit)
The magic dart hits Natasha but does no damage.
Natasha is severely wounded.
Natasha claws you.
* * * LOW HITPOINT WARNING * * *
Aiming: Magic Dart (safe; 6% risk of failure)
Press: ? - help, Q - select action Shift-Dir - straight line, f/p - Natasha
Aim: Natasha (severely wounded, 100% to hit)
You miscast Magic Dart.
Nothing appears to happen.
Natasha claws you!
You die...

รท........# #...
........# #..
#......# #..
#......# #..
#......## #.#
+........ #.#
#........ #h#
#.....<.. #@# #.
####.#... #.#
###.# ###.#... #.#
#.... ..#.#... #.#
#.#.###.#.#... #.#
#.......#.#.## #.#
#...##..#.#...
#.###...#.........
#.#.....).#.......
#.......#<#.#.####


You could see Natasha.

Vanquished Creatures
  2 adders (D:2)
  A dart slug (D:2)
  An endoplasm (D:1)
  2 giant cockroaches (D:1)
  3 goblins (D:1)
  2 hobgoblins (D:1)
  3 kobolds
  A quokka (D:1)
  6 ball pythons
  6 bats (D:1)
  4 frilled lizards
  9 rats
40 creatures vanquished.

Notes
Turn   | Place    | Note
-------+----------+-------------------------------------------
     0 | D:1      | frimble the Demonspawn Hedge Wizard began the quest for the
                  | Orb.
     0 | D:1      | Reached XP level 1. HP: 13/13 MP: 4/4
   205 | D:1      | Reached skill level 1 in Translocations
   362 | D:1      | Gained mutation: Your demonic aura sometimes causes spilled
                  | blood to erupt in flames. [demonic ancestry]
   362 | D:1      | Reached XP level 2. HP: 19/19 MP: 6/6
  1315 | D:1      | Reached skill level 1 in Short Blades
  1495 | D:1      | Reached XP level 3. HP: 5/24 MP: 0/7
  2790 | D:2      | Noticed Natasha
  2798 | D:2      | Slain by Natasha

Illustrated notes

Levels and vault maps discovered:
D:1:      dpeg_arrival_prison, layout_loops_cross, grunt_decor_clamped,
          minmay_bisected
D:2:      layout_basic, uniq_natasha

Skill      XL: |  1  2  3 |
---------------+----------+-----
Translocations | 1 |  1.1
Short Blades   | 1 |  1.6
Conjurations   | 2 |  2.4
Dodging        | |  1.8
Stealth        | |  1.9
Spellcasting   | |  3.0
Summonings     | |  1.2

Action                   || total
-------------------------++-------
Melee: Dagger            ||   104
 Cast: Magic Dart        ||    50
 Stab: Sleeping          ||     5
Armor: Robe              ||    34
Dodge: Dodged            ||    98

Table legend: (Time is in decaauts)
 A = Elapsed time spent in this place.
 B = Non-inter-level travel time spent in this place.
 C = Inter-level travel time spent in this place.
 D = Time resting spent in this place.
 E = Time spent auto-exploring this place.
 F = Levels seen in this place.
 G = Mean time per level.
                   A        B        C        D        E       F      G
               +--------+--------+--------+--------+--------+-----+--------+
         Total |   2795 |   2715 |     80 |      0 |   2436 |   2 | 1397.5 |
       Dungeon |   2795 |   2715 |     80 |      0 |   2436 |   2 | 1397.5 |
               +--------+--------+--------+--------+--------+-----+--------+

Top non-repeatable levels by time:
     D:1: 2039 daAuts
     D:2: 755 daAuts
